 Dungeon Crawl Stone Soup version 0.21-a0-444-g29a2fec (webtiles) character file.

132 slep the Slasher (level 4, 0/35 HPs)
             Began as a Demonspawn Monk on Nov 18, 2017.
             Was a Believer of Sif Muna.
             Slain by Sigmund
             ... wielding a +0 scythe
              (9 damage)
             ... on level 3 of the Dungeon.
             The game lasted 00:07:21 (1341 turns).

slep the Slasher (Demonspawn Monk)                  Turns: 1341, Time: 00:07:22

Health: 0/35       AC:  5    Str: 11    XL:     4   Next: 92%
Magic:  4/4        EV: 11    Int: 11    God:    Sif Muna [**....]
Gold:   66         SH:  0    Dex: 17    Spells: 3/3 levels left

rFire    . . .     SeeInvis .   a - +0 falchion
rCold    . . .     Gourm    .   (no shield)
rNeg     . . .     Faith    .   g - +0 ring mail
rPois    .         Spirit   .   (no helmet)
rElec    .         Reflect  .   (no cloak)
rCorr    .         Harm     .   (no gloves)
MR       .....                  (no boots)
Stlth    ..........             (no amulet)
HPRegen  0.11/turn              d - ring of wizardry
MPRegen  0.09/turn              (no ring)

@: confused, drained
A: spiny 2
a: Divine Energy, Renounce Religion


You were on level 3 of the Dungeon.
You worshipped Sif Muna.
Sif Muna was pleased with you.
You were hungry.

You visited 1 branch of the dungeon, and saw 3 of its levels.

You collected 66 gold pieces.

Inventory:

Hand Weapons
 a - a +0 falchion (weapon)
 t - a +0 dagger of chaos
Missiles
 h - a javelin (quivered)
Armour
 b - a +0 robe
 g - a +0 ring mail (worn)
Jewellery
 d - a ring of wizardry (left hand)
Wands
 q - a wand of paralysis (12/24)
Scrolls
 f - a scroll of amnesia {unknown}
 k - 2 scrolls of teleportation {unknown}
 l - a scroll of identify {unknown}
 o - a scroll of remove curse {unknown}
 s - a scroll of recharging {unknown}
Potions
 e - a potion of heal wounds {unknown}
 i - 2 potions of flight {unknown}
 m - a potion of resistance {unknown}
 n - a potion of brilliance {unknown}
 p - a potion of curing {unknown}
 r - a potion of magic {unknown}
Comestibles
 c - a bread ration
 j - a meat ration


   Skills:
 + Level 3.5(3.1) Fighting
 + Level 4.0(3.6) Long Blades
 + Level 1.2(0.9) Armour
 + Level 3.1(2.7) Dodging
 + Level 2.2(1.8) Stealth


You had 3 spell levels left.
You didn't know any spells.

Dungeon Overview and Level Annotations

Branches:
Dungeon (3/15)

Altars:
Fedhas
Sif Muna
Xom

Annotations:
D:3 Sigmund


Innate Abilities, Weirdness & Mutations

You are mostly covered in sharp spines.


Message History

You throw a javelin. The javelin barely misses Sigmund.
Sigmund barely misses you. Sigmund is struck by your spines.
Sigmund barely misses you.
You completely miss Sigmund.
Sigmund is lightly wounded.
Sigmund gestures at you while chanting.
You are confused.
You bump into the rock wall.
Sigmund gestures at you while chanting. The magic dart hits you!
* * * LOW HITPOINT WARNING * * *
You bump into the rock wall.
Sigmund barely misses you.
Your ring mail prevents you from hitting Sigmund.
Sigmund is lightly wounded.
You bump into the rock wall.
Sigmund gestures wildly while chanting.
Sigmund flickers and vanishes!
Deactivating autopickup; reactivate with Ctrl-A.
You closely miss something. Something hits you!
You die...

......#
......# #.#
...>..# #(#
......###.#
#.#
..........#
#.#
......#####
#.# ......#
#.# ......#
#{# ......#
#@# ......#
#.#
####'####
#.#
#.......#
#.#
###._.###
#.#
#.......#
#.#
####'####
#.# #...##
#.#
#...#..###
#.#


There were no monsters in sight!

Vanquished Creatures
  A crimson imp (D:3)
  3 adders (D:2)
  A worm (D:3)
  5 dart slugs
  2 leopard geckos
  2 giant cockroaches (D:2)
  5 goblins
  9 hobgoblins
  7 jackals
  2 ball pythons
  8 bats
  4 frilled lizards
  3 kobolds
  2 rats (D:1)
54 creatures vanquished.

Notes
Turn   | Place    | Note
-------+----------+-------------------------------------------
     0 | D:1      | slep the Demonspawn Monk began the quest for the Orb.
     0 | D:1      | Reached XP level 1. HP: 18/18 MP: 1/1
   131 | D:1      | Gained mutation: You are partially covered in sharp spines. [demonic ancestry]
   131 | D:1      | Reached XP level 2. HP: 21/24 MP: 2/2
   138 | D:1      | Reached skill level 3 in Long Blades
   230 | D:1      | Gained mutation: You are mostly covered in sharp spines. [demonic ancestry]
   230 | D:1      | Reached XP level 3. HP: 12/29 MP: 3/3
   582 | D:2      | Found a faded altar of an unknown god.
   607 | D:2      | Reached XP level 4. HP: 31/35 MP: 4/4
   627 | D:2      | Found a blossoming altar of Fedhas.
  1188 | D:2      | Became a worshipper of Sif Muna the Loreminder
  1188 | D:2      | Reached * piety under Sif Muna
  1188 | D:2      | Reached ** piety under Sif Muna
  1251 | D:3      | Found a shimmering altar of Xom.
  1280 | D:3      | Reached skill level 4 in Long Blades
  1280 | D:3      | Reached skill level 1 in Armour
  1330 | D:3      | Noticed Sigmund
  1341 | D:3      | Slain by Sigmund

Vault maps used:
D:1:      lightli_arrival_statue_moat
D:2:      chequers_ecumenical_altar_simple, grunt_ministairs_8,
          kennysheep_flooded_box
D:3:      ashenzari_altar_1, led_xom_imps, uniq_sigmund

Skill      XL: |  1  2  3  4 |
---------------+-------------+-----
Dodging        | 3 |  3.1
Long Blades    | 3 4 |  4.0
Stealth        | 2 |  2.2
Armour         | 1 |  1.2
Fighting       | |  3.5

Action                   |  1- 3 |  4- 6 || total
-------------------------+-------+-------++-------
Melee: Falchion          |    92 |    53 ||   145
Throw: Javelin           |       |     5 ||     5
 Stab: Sleeping          |     1 |     2 ||     3
  Eat: Chunk             |       |     1 ||     1
Armor: Ring mail         |    19 |    13 ||    32
       Robe              |     1 |       ||     1
Dodge: Dodged            |    58 |    19 ||    77
       Rpst.: Falchion   |    24 |     5 ||    29

Table legend:
 A = Spawn XP
 B = Non-spawn XP
 C = Spawn XP percentage of total XP
 D = Spawn monster count
 E = Non-spawn monster count
 F = Spawn count percentage of total count
 G = Total turns spent on level
                    A         B        C        D         E        F      G
               +---------+---------+-------+---------+---------+-------+---------
         Total |       0 |     189 |   0.0 |       0 |      54 |   0.0 |  1341
               +---------+---------+-------+---------+---------+-------+---------
           D:1 |       0 |      53 |   0.0 |       0 |      27 |   0.0 |   514
           D:2 |       0 |      74 |   0.0 |       0 |      21 |   0.0 |   687
           D:3 |       0 |      62 |   0.0 |       0 |       6 |   0.0 |   140
               +---------+---------+-------+---------+---------+-------+---------
